Map: Gresvan LE

Players

ExcellentD - Winner!

  • Race: Protoss Protoss
  • League: Silver
  • Spawn Location: 5:00

winzboy

  • Race: Protoss Protoss
  • League: Gold
  • Spawn Location: 11:00

VOD

Have the link to the VOD?

Description

Time

  • Played on: May 23, 2023, 3:47 a.m.
  • Length: 4:57
Show
View Real Time Build Order
Export as new Build Order

ExcellentD Protoss - Winner!

Build Orders:  

Get SALT Encoding   

  12  0:01  Probe  
  13  0:13  Probe  
  14  0:20  Pylon  
  14  0:25  Probe  
  15  0:38  Probe (Chrono Boost)  
  15  0:41  Gateway  
  16  0:47  Assimilator  
  17  0:50  Probe (Chrono Boost)  
  17  0:58  Probe (Chrono Boost)  
  17  1:00  Assimilator  
  18  1:04  Probe  
  19  1:14  Pylon  
  19  1:16  Probe  
  20  1:28  Probe  
  21  1:36  Cybernetics Core  
  21  1:40  Probe  
  22  1:52  Probe  
  23  2:02  Pylon  
  23  2:06  Probe  
  24  2:19  Probe  
  25  2:23  Robotics Facility  
  25  2:30  Nexus  
  25  2:38  Probe  
  26  2:51  Probe  
  27  3:03  Probe  
  28  3:07  Immortal (Chrono Boost)  
  32  3:15  Probe  
  33  3:27  Probe  
  33  3:28  Adept  
  36  3:38  Pylon  
  36  3:39  Immortal (Chrono Boost)  
  40  3:49  Probe  
  41  3:57  Assimilator  
  41  4:00  Assimilator  
  41  4:11  Immortal  
  45  4:26  Pylon  
  45  4:28  Pylon  
  45  4:48  Shield Battery  
  45  4:50  Shield Battery  
Show
View Real Time Build Order
Export as new Build Order

winzboy Protoss 

Build Orders: 1 Gate Expand 

Get SALT Encoding   

  12  0:01  Probe  
  13  0:25  Pylon  
  13  0:31  Probe (Chrono Boost)  
  14  0:43  Probe (Chrono Boost)  
  15  0:54  Probe (Chrono Boost)  
  15  0:55  Assimilator  
  16  0:59  Gateway  
  16  1:06  Probe  
  17  1:18  Probe  
  18  1:30  Probe  
  19  1:36  Nexus  
  19  1:42  Probe  
  20  1:54  Probe  
  21  2:03  Cybernetics Core  
  21  2:06  Probe  
  21  2:07  Assimilator  
  22  2:18  Probe  
  22  2:22  Pylon  
  23  2:32  Warp Gate  
  23  2:38  Stalker (Chrono Boost)  
  23  2:40  Probe  
  25  2:52  Probe  
  25  2:55  Probe  
  27  3:04  Probe  
  28  3:07  Probe, Stalker  
  31  3:16  Probe  
  31  3:19  Probe  
  33  3:25  Robotics Facility  
  33  3:28  Probe  
  33  3:31  Probe  
  35  3:34  Robotics Facility  
  35  3:40  Probe  
  36  3:43  Probe  
  37  3:52  Pylon  
  37  3:53  Stalker  
  39  3:55  Probe  
  39  3:56  Probe  
  39  4:01  Gateway  
  39  4:02  Gateway  
  41  4:05  Assimilator  
  41  4:07  Probe, Assimilator  
  41  4:08  Probe  
  44  4:26  Probe x2  
  44  4:37  Zealot  
  44  4:38  Probe  
Tags
 
Matchup
PvP
Replay Pack
Multiplayer
Spawn Locations
Cross Positions
Add a new tag
Caveats
  • Supply blocks, unpowered buildings, or Contaminate may cause inaccurate times.
  • Supply counts are checked every 10 seconds.